 Dungeon Crawl Stone Soup version 0.20-a0-351-gc9b4002 (webtiles) character file.

73 Leibowitz the Cutter (level 3, -3/29 HPs)
             Began as a Demigod Gladiator on Dec 26, 2016.
             Slain by a kobold
             ... wielding a +0 short sword
              (4 damage)
             ... on level 3 of the Dungeon.
             The game lasted 00:03:07 (1780 turns).

Leibowitz the Cutter (Demigod Gladiator)            Turns: 1780, Time: 00:03:07

Health: -3/29      AC:  5    Str: 18    XL:     3   Next: 83%
Magic:  5/5        EV: 13    Int: 12    God:
Gold:   113        SH:  0    Dex: 18    Spells: 2/2 levels left

rFire  . . .     SeeInvis .     s - +1 dagger (flame)
rCold  . . .     Gourm    .     b - +0 leather armour
rNeg   . . .     Faith    .     (no shield)
rPois  .         Spirit   .     c - +0 helmet
rElec  .         Reflect  .     (no cloak)
rCorr  +         Harm     .     (no gloves)
MR     .....                    h - +0 pair of boots
Stlth  ++........               (no amulet)
                                (no ring)
                                t - ring of resist corrosion

@: drained
A: high mp 1
a: no special abilities


You were on level 3 of the Dungeon.
You were not hungry.

You visited 1 branch of the dungeon, and saw 3 of its levels.

You collected 113 gold pieces.

Inventory:

Hand Weapons
 a - a +0 rapier
 s - a +1 dagger of flaming (weapon)
Missiles
 d - 2 throwing nets (quivered)
Armour
 b - a +0 leather armour (worn)
 c - a +0 helmet (worn)
 h - a +0 pair of boots (worn)
Jewellery
 t - a ring of resist corrosion (left hand)
Scrolls
 i - a scroll of enchant weapon {unknown}
 j - a scroll of blinking {unknown}
 l - a scroll of immolation {unknown}
 n - 2 scrolls of identify {unknown}
 o - a scroll of enchant armour {unknown}
 p - a scroll of remove curse {unknown}
 r - a scroll of noise {unknown}
Potions
 e - a potion of curing {unknown}
 g - a potion of berserk rage {unknown}
 k - 2 potions of heal wounds {unknown}
 q - a potion of magic {unknown}
 v - 3 potions of agility {unknown}
Comestibles
 f - 3 bread rations
 m - a fruit


   Skills:
 + Level 2.0(1.5) Fighting
 + Level 3.2(2.6) Short Blades
 + Level 1.9(1.3) Throwing
 + Level 0.5(0.0) Armour
 * Level 3.2(2.6) Dodging
 * Level 1.7(1.1) Stealth


You had 2 spell levels left.
You didn't know any spells.

Dungeon Overview and Level Annotations

Branches:
Dungeon (3/15)


Innate Abilities, Weirdness & Mutations

You have an increased reservoir of magic. (+10% MP)


Message History

You feel drained. The kobold barely misses you. The orc closely misses you.
You see here an orc corpse.
You barely miss the orc. The kobold hits you with a short sword.
You barely miss the orc. The kobold misses you.
The orc hits you with a flail of draining!
* * * LOW HITPOINT WARNING * * *
You feel drained.
* * * LOW HITPOINT WARNING * * *
You hit the orc. You burn the orc.
The orc is moderately wounded.
The kobold barely misses you. The orc closely misses you.
Throwing (i - inventory):
d - 3 throwing nets (quivered)
Press: ? - help, Shift-Dir - straight line, f - orc
Aim: an orc, wielding a flail of draining (moderately wounded)
You throw a throwing net. The throwing net hits the orc.
The orc is caught in the net!
The orc is moderately wounded.
The kobold hits you with a short sword.
You die...

###+#########
#............#
#####............#
#................#
#................#
...........!....#
#..oK).......#
#..@(...%....#
#.....<......#
##.........###
#.?.......#
#.........#
#...(.....#
#.........+
#.........#
#......?..#


You could see an orc (caught) and a kobold.

Vanquished Creatures
  2 adders (D:2)
  2 oozes
  A worm (D:2)
  3 dart slugs
  A leopard gecko (D:2)
  2 orcs (D:3)
  13 bats
  4 goblins
  A ball python (D:2)
  2 frilled lizards (D:1)
  2 kobolds
  4 rats (D:1)
  A spectral orc (D:2)
38 creatures vanquished.

Notes
Turn   | Place    | Note
-------+----------+-------------------------------------------
     0 | D:1      | Leibowitz the Demigod Gladiator began the quest for the Orb.
     0 | D:1      | Reached XP level 1. HP: 17/17 MP: 3/3
   155 | D:1      | Reached XP level 2. HP: 15/24 MP: 4/4
   453 | D:1      | Reached skill level 1 in Stealth
  1149 | D:2      | Reached XP level 3. HP: 26/29 MP: 5/5
  1436 | D:2      | Found a basalt altar of Yredelemnul.
  1778 | D:3      | HP: 1/29 [orc/flail of draining (3)]
  1780 | D:3      | Slain by a kobold

Vault maps used:
D:1:      dpeg_arrival_arbitrary_c, st_stairs_1
D:2:      yredelemnul_forgotten_temple_becter
D:3:      old_standard_altar, tgw_xom, nicolae_overflow_crystal_walls,
          first_bread, uniq_terence, uniq_jessica

Skill      XL: |  1  2  3 |
---------------+----------+-----
Dodging        | 3 |  3.2
Short Blades   | 3 |  3.2
Stealth        | 1 |  1.7
Fighting       | 2 |  2.0
Throwing       | |  1.9
Armour         | |  0.5

Action                   || total
-------------------------++-------
Melee: Rapier            ||   109
       Dagger            ||    13
Throw: Throwing net      ||     1
 Stab: Sleeping          ||     3
  Eat: Chunk             ||     3
Armor: Leather armour    ||    51
Dodge: Dodged            ||   105
